 Dungeon Crawl Stone Soup version 0.29-a0-25-g7f48f510a0 (webtiles) character file.

Game seed: 7548943457998977194

5943 Nattfarinn the Transmogrifier (level 10, -12/44 HPs)
             Began as a Spriggan Venom Mage on Jan 31, 2022.
             Was an Initiate of Ashenzari.
             Shot with an arrow by a centaur warrior (18 damage)
             ... on level 11 of the Dungeon.
             The game lasted 00:50:06 (21010 turns).

Nattfarinn the Transmogrifier (SpVM)               Turns: 21010, Time: 00:50:07

Health: -12/44     AC:  3    Str:  6    XL:     10   Next: 54%
Magic:  19/22      EV: 18    Int: 25    God:    Ashenzari [......]
Gold:   539        SH:  0    Dex: 17    Spells: 3/24 levels left

rFire   . . .      SeeInvis +   D - +4 trident of Ambiguity {elec, rElec rC- Int+7}
rCold   x . .      Faith    .   (shield currently unavailable)
rNeg    . . .      Spirit   .   a - +0 robe
rPois   .          Reflect  .   (helmet restricted)
rElec   +          Harm     .   w - +0 cloak
rCorr   .          Rampage  .   (gloves unavailable)
Will    ++...                   (boots unavailable)
Stlth   +++++.....              (no amulet)
HPRegen 0.14/turn               k - ring of willpower
MPRegen 0.18/turn               y - ring "Omniscient Fetters" {Wiz, Cun, Bglg} (curse)

@: very quick
A: very small, no large weapons, unfitting armour, see invisible, speed 3
a: Renounce Religion, Curse Item, Shatter the Chains


You were on level 11 of the Dungeon.
You worshipped Ashenzari.
Ashenzari was noncommittal.
You visited 2 branches of the dungeon, and saw 12 of its levels.

You collected 539 gold pieces.

Inventory:

Hand Weapons
 n - a +3 dagger of speed
 u - the +8 mace of the Dwarven Hall {protect, rF+ MP+9 Dex+2}
   (You found it on level 9 of the Dungeon)

   It grants its wielder temporary protection when it strikes (+7 to AC).
   Dex:       It affects your dexterity (+2).
   rF:        It protects you from fire.
   MP:        It affects your magic capacity (+9).
 x - a +2 short sword of electrocution
 D - the +4 trident of Ambiguity (weapon) {elec, rElec rC- Int+7}
   (You found it on level 7 of the Dungeon)

   It occasionally discharges a powerful burst of electricity upon striking a
   foe.
   Int:       It affects your intelligence (+7).
   rC:        It makes you vulnerable to cold.
   rElec:     It insulates you from electricity.
Missiles
 B - a throwing net
Armour
 a - a +0 robe (worn)
 w - a +0 cloak (worn)
 H - a scarf of shadows
Jewellery
 c - a ring of fire
 k - a ring of willpower (left hand)
 y - the cursed ring "Omniscient Fetters" (right hand) {Wiz, Cun, Bglg}
   (You found it on level 5 of the Dungeon)

   [ring of wizardry]

   It improves your spell success rate.
   It has a curse which improves the following skills: Cunning: Dodging and
   Stealth.
   Beguiling: Conjurations, Hexes and Translocations.
Wands
 t - a wand of digging (7)
 G - a wand of paralysis (5)
Scrolls
 d - 4 scrolls of fear
 f - 4 scrolls of teleportation
 g - 3 scrolls of fog
 h - 3 scrolls of magic mapping
 i - a scroll of vulnerability
 j - a scroll of enchant weapon
 q - a scroll of amnesia
 C - a scroll of immolation
 F - a scroll of torment
Potions
 b - a potion of magic {unknown}
 e - 2 potions of heal wounds
 m - a potion of ambrosia
 o - 2 potions of flight {unknown}
 p - 2 potions of degeneration {unknown}
 r - 2 potions of haste {unknown}
 s - a potion of mutation {unknown}
 z - a potion of cancellation {unknown}
 E - a potion of invisibility {unknown}


   Skills:
 * Level 0.1 Fighting
 - Level 2.6(3.0) Dodging
 - Level 10.6(11.0) Stealth
 - Level 7.7 Spellcasting
 - Level 6.4(6.8) Hexes
 - Level 11.8 Transmutations
 - Level 8.5 Poison Magic


You had 3 spell levels left.
You knew the following spells:

 Your Spells              Type           Power      Damage    Failure   Level
a - Sting                 Tmut/Pois      100%       1d8       1%          1
b - Poisonous Vapours     Pois/Air       62%        N/A       1%          2
c - Olgreb's Toxic Radia  Pois           51%        N/A       1%          4
d - Tukima's Dance        Hex            44%        N/A       1%          3
e - Yara's Violent Unrav  Hex/Tmut       27%        3d12      1%          5
f - Eringya's Noxious Bo  Tmut/Pois      28%        N/A       6%          6

Your spell library contained the following spells:

 Spells                   Type           Power      Damage    Failure   Level
 Mephitic Cloud           Conj/Pois/Air  24%        N/A       2%          3
 Passage of Golubria      Tloc           9%         N/A       24%         4
 Summon Forest            Summ/Tloc      4%         N/A       52%         5
 Summon Hydra             Summ           4%         N/A       100%        7


Dungeon Overview and Level Annotations

Branches:
Dungeon (11/15)            Temple (1/1) D:7            Lair (0/6) D:10
    Orc (0/2) D:11

Altars:
Ashenzari
Cheibriados
Dithmenos
Elyvilon
Fedhas
Gozag
Hepliaklqana
Kikubaaqudgha
Makhleb
Nemelex Xobeh
Okawaru
Qazlal
Ru
Sif Muna
Trog
Uskayaw
Vehumet
Wu Jian
Yredelemnul
Zin
The Shining One

Shops:
D:9 *

Annotations:
D:7 2 transporters


Innate Abilities, Weirdness & Mutations

You are very small and have problems with some larger weapons.
You are too small for most types of armour.
You have supernaturally acute eyesight. (SInv)
You cover ground extremely quickly. (Speed+++)


Message History

An orc is wielding a +2 flail of draining.
Found 8 gold pieces.
Unknown command.
Cast which spell? (? or * to list)
You begin to radiate toxic energy.
The orc is poisoned. x4
The orc warrior shouts!
The orc warrior is poisoned.
The orc shouts!
The orc is poisoned.
The orc shouts!
The orc is poisoned.
The orc looks even sicker.
You hear a shout! x2
You kill the orc! x2
An orc and an orc priest come into view.
Found 11 gold pieces.
The orc looks even sicker.
The orc warrior looks even sicker.
The orc shouts!
The orc is poisoned. x2
The orc priest shouts!
The orc priest is poisoned.
Your toxic aura wanes.
You hear a shout!
The orc moves out of view.
You hear a shout!
You feel a bit more experienced. x2
A yak comes into view.
Found 11 bolts. 2 yaks come into view.
Unknown command.
A yak comes into view.
A yak comes into view.
The yak bellows! x2; You hear a bellow!
You hear a shout!
You feel a bit more experienced. x2
A yak comes into view.
You feel a bit more experienced.
A centaur warrior comes into view.
The yak bellows! x2; You hear a shout!
You hear an angry buzzing noise.
The centaur warrior wields a +0 shortbow.
The centaur warrior shoots an arrow.
The arrow hits you!!
You die...

,,,,,,,,,,,*******##..###########
,,,,,,,,,........................
,,,,,,,,,.....(..$...:...........
**********#..................####
#.YYY..............#
********###..Y...............####
,,,,,,,,.c....YY.................
,,,,,,,,.........................
*********#......@............(...
#.##############.#.##### *,*
#.#..#*** *,* #...o$.,,
**********,*************###8'8##*
,,,,,,,,,,,,,,,,,,,,,,,,,*.ooo.,8
,,,,,,,,,,,,,,,,,,,,,,,,,*o))...,
********************,*****,,oo.,_
*,* *,,,,,,,


You could see a centaur warrior and 6 yaks.

Vanquished Creatures
  A deep elf zephyrmancer (D:7)
  A kobold demonologist (D:10)
  A hornet (D:9)
  Sigmund (D:4)
  2 wyverns (D:10)
  2 water moccasins (D:6)
  An ice beast (D:6)
  2 ogres
  7 orc warriors
  A sky beast (D:8)
  4 black bears
  A necrophage (D:6)
  4 kobold brigands
  2 phantoms (D:6)
  2 bullfrogs (D:7)
  2 scorpions (D:5)
  4 water moccasin zombies
  2 wyvern skeletons
  A water moccasin skeleton (D:5)
  3 killer bees (D:9)
  2 wights
  2 howler monkeys
  4 centaur zombies
  A bullfrog zombie (D:6)
  A hound (D:5)
  A jelly (D:7)
  5 orc priests
  4 iguanas
  9 orc wizards
  3 scorpion zombies (D:5)
  8 gnolls
  8 adders
  A white imp (D:6)
  3 ufetubi
  An adder skeleton (D:4)
  2 worms
  2 dart slugs
  46 orcs
  4 endoplasms
  5 giant cockroaches
  7 goblins
  7 hobgoblins
  6 jackals (D:1)
  24 kobolds
  4 quokkas
  7 ball pythons
  7 bats
  10 frilled lizards
  3 rats
231 creatures vanquished.

Vanquished Creatures (collateral kills)
  Menkaure (D:6)
  A water moccasin (D:5)
  2 orc warriors (D:8)
  A centaur (D:7)
  A wight (D:7)
6 creatures vanquished.

Vanquished Creatures (others)
  A dancing weapon (D:7)
  A basilisk (D:10)
  3 water moccasins
  An orc warrior (D:8)
  3 black bears
  An ogre (D:8)
  An orc wizard (D:9)
  An orc (D:8)
  4 fungi (D:10)
  13 plants
29 creatures vanquished.

Grand Total: 266 creatures vanquished

Notes
Turn   | Place    | Note
-------+----------+-------------------------------------------
     0 | D:1      | Nattfarinn the Spriggan Venom Mage began the quest for the
                  | Orb.
     0 | D:1      | Reached XP level 1. HP: 9/9 MP: 5/5
    70 | D:1      | Reached skill level 2 in Transmutations
    87 | D:1      | Reached XP level 2. HP: 8/13 MP: 1/7
   524 | D:1      | Reached skill level 3 in Transmutations
   756 | D:1      | Learned a level 2 spell: Poisonous Vapours
   769 | D:1      | Reached XP level 3. HP: 16/16 MP: 0/8
  1538 | D:2      | Found a faded altar of an unknown god.
  1962 | D:2      | Reached skill level 4 in Transmutations
  2853 | D:3      | Reached XP level 4. HP: 21/21 MP: 4/10
  3233 | D:3      | Found a shimmering blue altar of Sif Muna.
  3358 | D:3      | Reached skill level 5 in Transmutations
  3674 | D:4      | Found a sparkling altar of Nemelex Xobeh.
  4328 | D:4      | Reached XP level 5. HP: 24/24 MP: 12/12
  4480 | D:4      | Noticed a black bear
  4525 | D:4      | Killed a black bear
  4526 | D:4      | Reached skill level 5 in Stealth
  4526 | D:4      | Reached XP level 6. HP: 28/28 MP: 0/13
  4895 | D:4      | Noticed Sigmund
  4913 | D:4      | Killed Sigmund
  5556 | D:4      | Reached XP level 7. HP: 32/32 MP: 7/14
  6132 | D:4      | Identified the +1 pair of boots "Luemoc" {Harm rF+++
                  | Slay-3}
  6189 | D:5      | Entered Level 5 of the Dungeon
  6231 | D:5      | Learned a level 4 spell: Olgreb's Toxic Radiance
  7888 | D:5      | Reached skill level 5 in Poison Magic
  7988 | D:5      | Found a stormy altar of Qazlal.
  8215 | D:5      | Reached skill level 10 in Stealth
  8286 | D:5      | Found a hide-covered altar of Uskayaw.
  8398 | D:5      | Reached XP level 8. HP: 25/36 MP: 10/15
  8671 | D:5      | Reached skill level 1 in Hexes
  9073 | D:6      | Reached skill level 5 in Spellcasting
  9396 | D:6      | Noticed Menkaure
  9408 | D:5      | Learned a level 3 spell: Tukima's Dance
  9414 | D:5      | Learned a level 5 spell: Yara's Violent Unravelling
 10564 | D:6      | Learned a level 6 spell: Eringya's Noxious Bog
 11218 | D:7      | Found a staircase to the Ecumenical Temple.
 11779 | D:6      | Found an ornate altar of the Wu Jian Council.
 11940 | D:6      | Reached skill level 5 in Hexes
 11940 | D:6      | Reached XP level 9. HP: 39/39 MP: 16/21
 12419 | D:6      | Killed Menkaure
 13840 | D:6      | Reached skill level 6 in Transmutations
 14745 | D:7      | Reached skill level 7 in Transmutations
 14978 | D:7      | Found a transporter.
 14983 | D:7      | Found a transporter.
 14985 | D:7      | Noticed a queen bee
 14994 | D:7      | Identified the +4 trident of Ambiguity {elec, rElec rC-
                  | Int+7}
 15428 | D:7      | Noticed a deep elf zephyrmancer
 15432 | D:7      | Killed a deep elf zephyrmancer
 15433 | D:7      | Reached skill level 8 in Transmutations
 15524 | Temple   | Entered the Ecumenical Temple
 15866 | Temple   | Became a worshipper of Ashenzari the Shackled
 16017 | D:8      | Reached skill level 9 in Transmutations
 16581 | D:8      | Reached XP level 10. HP: 7/44 MP: 2/22
 17450 | D:9      | Found a glowing golden altar of the Shining One.
 17473 | D:9      | Reached skill level 10 in Transmutations
 17768 | D:9      | Found an opulent altar of Gozag.
 17800 | D:9      | Found Seahin's Assorted Antiques.
 18684 | D:9      | Identified the +8 mace of the Dwarven Hall {protect, rF+
                  | MP+9 Dex+2}
 18732 | D:9      | Found an iron altar of Okawaru.
 18953 | D:10     | Entered Level 10 of the Dungeon
 19003 | D:10     | Noticed a gargoyle
 19109 | D:10     | Found a bloodstained altar of Trog.
 19129 | D:10     | Reached skill level 11 in Transmutations
 19661 | D:10     | Found a staircase to the Lair.
 19699 | D:10     | Noticed an orange demon
 20960 | D:10     | HP: 2/44 [gargoyle/stone arrow (23)]
 21009 | D:11     | Noticed a centaur warrior
 21010 | D:11     | Shot with an arrow by a centaur warrior

Illustrated notes

Levels and vault maps discovered:
D:1:      saegor_arrival_miasma, layout_loops_ring, minmay_stone_trees_small
D:2:      layout_basic, basic_ecumenical_altar
D:3:      layout_loops_ring, led_sif_pool, kennysheep_cross_room, corexii_shack,
          chequers_avenue, grunt_ministairs_14, kennysheep_generic_room_16
D:4:      layout_rooms, nemelex_xobeh_ov_fountains_minmay,
          nicolae_zen_rock_garden, uniq_sigmund
D:5:      layout_cave_pods, grunt_qazlal_clouds, eat_drink_and_be_merry_uskayaw
D:6:      layout_cave_pools, nicolae_wu_jian_glorious_leap, minmay_fountain_box,
          uniq_menkaure
D:7:      layout_cave_pools, minmay_temple_entry_tees, gammafunk_ghost_hive,
          serial_glass, glass_columns_a, glass_columns_b, item_on_display_a,
          feat_on_display, minmay_strange_pillars, feat_on_display,
          guppyfry_early_elven_hall
D:8:      layout_gridville, special_room [special_room_orc]
D:9:      layout_layer_cave, lemuel_round_altar, lemuel_tele_altar,
          general_overflow_altar, serial_shops, nicolae_shop_overgrown_old_shop,
          eino_small_chamber_without_monster
D:10:     lemuel_ice_statue, layout_basic, old_standard_altar,
          mainiacjoe_overflow_boulevard, minmay_lair_entry_grove,
          nicolae_specific_store, chequers_serial_rivers_micro_c,
          minmay_starry_boxes, uniq_maggie
D:11:     layout_long_grid, david_orc_5, gauntlet_entry_generic
Temple:   minmay_temple_forest_path

Skill      XL: |  1  2  3  4  5  6  7  8  9 10 |
---------------+-------------------------------+-----
Transmutations | 2 3 4 5 9 11 | 11.8
Spellcasting   | 3 4 7 |  7.7
Stealth        | 4 5 7 10 | 10.6
Poison Magic   | 4 5 7 8 |  8.5
Hexes          | 5 6 |  6.4
Fighting       | |  0.1
Dodging        | |  2.6

Action                   |  1- 3 |  4- 6 |  7- 9 | 10-12 || total
-------------------------+-------+-------+-------+-------++-------
Melee: Unarmed           |    10 |       |       |       ||    10
       Dagger            |       |    49 |    11 |       ||    60
       Short sword       |       |       |   169 |       ||   169
       Punch             |       |       |     3 |       ||     3
       Trident           |       |       |    30 |    61 ||    91
 Cast: Sting             |   111 |    74 |   163 |     2 ||   350
       Poisonous Vapours |     2 |    22 |    77 |    37 ||   138
       Olgreb's Toxic Ra |       |       |    29 |    25 ||    54
       Yara's Violent Un |       |       |     1 |     1 ||     2
       Tukima's Dance    |       |       |    14 |     2 ||    16
       Eringya's Noxious |       |       |     3 |    11 ||    14
Invok: Curse Item        |       |       |       |     1 ||     1
  Use: Scroll            |       |       |     8 |    12 ||    20
       Potion            |       |       |     2 |     2 ||     4
 Stab: Sleeping          |       |     3 |     5 |       ||     8
Armor: Robe              |     7 |     5 |    30 |    12 ||    54
Dodge: Dodged            |    45 |    51 |   297 |    84 ||   477

Table legend: (Time is in decaauts)
 A = Elapsed time spent in this place.
 B = Non-inter-level travel time spent in this place.
 C = Inter-level travel time spent in this place.
 D = Time resting spent in this place.
 E = Time spent auto-exploring this place.
 F = Levels seen in this place.
 G = Mean time per level.
                   A        B        C        D        E       F      G
               +--------+--------+--------+--------+--------+-----+--------+
         Total |  17993 |  17200 |    793 |   7453 |   7444 |  12 | 1499.4 |
       Dungeon |  17758 |  17020 |    738 |   7453 |   7272 |  11 | 1614.4 |
        Temple |    235 |    180 |     55 |      0 |    171 |   1 |  235.0 |
               +--------+--------+--------+--------+--------+-----+--------+

Top non-repeatable levels by time:
     D:6: 3091 daAuts
     D:5: 2832 daAuts
     D:9: 2779 daAuts
     D:4: 2509 daAuts
     D:3: 2196 daAuts
     D:8: 1291 daAuts
     D:1: 1165 daAuts
     D:7: 930 daAuts
     D:2: 663 daAuts
    D:10: 265 daAuts
  Temple: 235 daAuts
    D:11: 31 daAuts
